 Dungeon Crawl Stone Soup version 0.24-a0-434-gd57e52fea8 (webtiles) character file.

Game seed: 2421020302737815573

626 doozey the Sneak (level 7, -3/45 HPs)
             Began as an Octopode Transmuter on June 15, 2019.
             Slain by a gnoll sergeant
             ... wielding a +4 spear of venom
              (12 damage)
             ... on level 5 of the Dungeon.
             The game lasted 00:05:14 (4172 turns).

doozey the Sneak (Octopode Transmuter)              Turns: 4172, Time: 00:05:15

Health: -3/45      AC:  1    Str: 10    XL:     7   Next: 47%
Magic:  10/10      EV: 14    Int: 15    God:
Gold:   186        SH:  0    Dex: 14    Spells: 9/10 levels left

rFire    . . .     SeeInvis .   h - +2 short sword (elec)
rCold    . . .     Gourm    .   (no shield)
rNeg     . . .     Faith    .   (helmet restricted)
rPois    .         Spirit   .   n - amulet of regeneration
rElec    .         Reflect  .   (no ring)
rCorr    .         Harm     .   (no ring)
MR       .....                  (no ring)
Stlth    ++++......             (no ring)
HPRegen  0.55/turn              (no ring)
MPRegen  0.12/turn              (no ring)
                                (no ring)
                                (no ring)

@: lethally poisoned (-3 -> -5)
A: almost no armour, stealthy swim, amphibious, 8 rings, constrict 8, camouflage
1, gelatinous body 1
a: no special abilities


You were on level 5 of the Dungeon.
You were not hungry.

You visited 1 branch of the dungeon, and saw 5 of its levels.

You collected 186 gold pieces.

Inventory:

Hand Weapons
 h - a +2 short sword of electrocution (weapon)
Missiles
 a - 79 arrows
 i - 14 poisoned darts (quivered)
Jewellery
 n - an amulet of regeneration (around mantle)
Scrolls
 d - 2 scrolls of enchant armour {unknown}
 j - 2 scrolls of enchant weapon {unknown}
 l - a scroll of immolation {unknown}
 m - 2 scrolls of magic mapping {unknown}
 p - 2 scrolls of remove curse
 q - 3 scrolls of identify {unknown}
 s - a scroll of blinking {unknown}
 w - a scroll of teleportation {unknown}
Potions
 b - 3 potions of degeneration {unknown}
 e - a potion of might {unknown}
 f - a potion of ambrosia {unknown}
 g - a potion of invisibility {unknown}
 k - 2 potions of curing {unknown}
 o - 2 potions of heal wounds {unknown}
 r - a potion of haste {unknown}
 t - a potion of cancellation {unknown}
 u - 2 potions of agility {unknown}
Comestibles
 c - 8 rations
 v - a chunk of flesh


   Skills:
 + Level 2.5 Fighting
 + Level 4.1 Short Blades
 + Level 3.3 Dodging
 + Level 6.0 Stealth
 + Level 3.8 Unarmed Combat
 + Level 2.1 Spellcasting
 + Level 2.2 Transmutations


You had 9 spell levels left.
You knew the following spells:

 Your Spells              Type           Power        Failure   Level  Hunger
a - Beastly Appendage     Tmut           #.....       9%          1    #......

Your spell library contained the following spells:

 Spells                   Type           Power        Failure   Level  Hunger
 Sticks to Snakes         Tmut           #.......     13%         2    ###....
 Spider Form              Tmut/Pois      #.........   38%         3    ###....
 Ice Form                 Ice/Tmut       #.......     80%         4    #####..
 Blade Hands              Tmut           #.........   94%         5    ######.


Dungeon Overview and Level Annotations

Branches:
Dungeon (5/15)
 Temple: D:4-7

Altars:
Fedhas
Xom
The Shining One

Annotations:
D:4 3 runed translucent doors, 2 transporters, feelmyfire's ghost, amateur CeAM


Innate Abilities, Weirdness & Mutations

You cannot wear most types of armour.
You are very stealthy in the water. (Stealth+)
You are amphibious.
You can wear up to eight rings at the same time.
You can use your tentacles to constrict eight enemies at once.
Your skin changes colour to match your surroundings (Stealth+).
Your rubbery body absorbs attacks. (AC +1, EV +1)


Message History

You struggle against the net.
You constrict the gnoll sergeant. The gnoll sergeant barely misses you.
The gnoll hits you with a +0 flail!
You struggle against the net.
You constrict the gnoll sergeant.
The gnoll sergeant hits you with a +4 spear of venom.
You are poisoned.
You struggle against the net.
You constrict the gnoll sergeant.
You feel sick.
The gnoll sergeant hits you with a +4 spear of venom.
You are more poisoned.
The gnoll closely misses you.
You rip the net and break free!
You constrict the gnoll sergeant, but do no damage.
You feel sick. The gnoll hits you with a +0 flail!
* * * LOW HITPOINT WARNING * * *
The gnoll sergeant misses you.
The gnoll hits you from afar with a +0 spear.
* * * LOW HITPOINT WARNING * * *
You release your grip on the gnoll sergeant.
You feel sick.
The gnoll sergeant hits you from afar with a +4 spear of venom!
You die...

..................... .).
....................#.#..
........≈≈.≈≈.#.#...#....
.............≈#+#≈.###........
..........<..≈# #≈.##.........
.............≈#+#≈..#.........
###.............≈≈.≈≈............
....##.....................###...
................@..........#
....##..###.....g.g....#......
..<###...##....?#.g....#.(.....
.....#...##..#.##..g..###......#
.....#......##.........###......
..##.........#.....÷.....>......
.. ####..)...........#...... .#
#..............#...... .
##....................


You could see a gnoll sergeant and 3 gnolls.

Vanquished Creatures
  A sky beast (D:4)
  2 ogres
  2 crimson imps (D:5)
  A jelly (D:5)
  A hound (D:5)
  An iguana (D:5)
  A worker ant (D:4)
  7 adders
  3 gnolls (D:2)
  A shadow imp (D:5)
  2 adder skeletons (D:4)
  2 worms (D:4)
  2 dart slugs
  5 leopard geckos
  4 orcs
  6 giant cockroaches
  6 hobgoblins
  6 jackals (D:3)
  6 kobolds
  2 quokkas
  6 bats
  2 frilled lizards
  4 goblins
  A quokka zombie (D:5)
  4 rats
78 creatures vanquished.

Vanquished Creatures (others)
  An adder (D:2)
1 creature vanquished.

Grand Total: 79 creatures vanquished

Notes
Turn   | Place    | Note
-------+----------+-------------------------------------------
     0 | D:1      | doozey the Octopode Transmuter began the quest for the Orb.
     0 | D:1      | Reached XP level 1. HP: 13/13 MP: 3/3
   457 | D:1      | Reached XP level 2. HP: 18/18 MP: 5/5
  1409 | D:2      | Reached XP level 3. HP: 19/23 MP: 6/6
  1430 | D:2      | Reached skill level 1 in Stealth
  1704 | D:2      | Reached skill level 1 in Short Blades
  1704 | D:2      | Reached XP level 4. HP: 28/28 MP: 7/7
  2286 | D:3      | Reached skill level 2 in Stealth
  2729 | D:3      | Reached skill level 3 in Stealth
  2729 | D:3      | Reached XP level 5. HP: 29/33 MP: 8/8
  3205 | D:4      | Found a shimmering altar of Xom.
  3274 | D:4      | Found a runed translucent gate.
  3274 | D:4      | Found a runed translucent gate.
  3274 | D:4      | Found a runed translucent gate.
  3276 | D:4      | Noticed an ogre
  3277 | D:4      | Noticed feelmyfire's ghost (amateur CeAM)
  3281 | D:4      | Noticed a phantom
  3344 | D:4      | Found a transporter.
  3345 | D:4      | Noticed a fire bat
  3346 | D:4      | Noticed a fire bat
  3451 | D:4      | Found a transporter.
  3457 | D:4      | Noticed an ogre
  3459 | D:4      | Killed an ogre
  3459 | D:4      | Reached skill level 4 in Stealth
  3459 | D:4      | Reached XP level 6. HP: 39/39 MP: 9/9
  3726 | D:4      | Found a glowing golden altar of the Shining One.
  3726 | D:4      | Found a blossoming altar of Fedhas.
  3755 | D:5      | Entered Level 5 of the Dungeon
  3766 | D:5      | Reached skill level 5 in Stealth
  3766 | D:5      | Noticed a sky beast
  3860 | D:4      | Killed a sky beast
  3860 | D:4      | Reached XP level 7. HP: 40/45 MP: 10/10
  4142 | D:5      | Reached skill level 6 in Stealth
  4172 | D:5      | Slain by a gnoll sergeant

Levels and vault maps discovered:
D:1:      tarquinn_simple_flora_water_a, layout_basic
D:2:      layout_basic, first_ration, lemuel_flame_loot_1
D:3:      layout_basic, st_stairs_11, chequers_avenue
D:4:      gammafunk_cloud_chamber, layout_layer_cave,
          gammafunk_temple_overflow_wave, nicolae_overflow_crystal_walls,
          gammafunk_ghost_split, st_stairs_10
D:5:      layout_cave_pools, lemuel_coloured_pillars_altar,
          kennysheep_mini_moat, minivault_4, uniq_ijyb

Skill      XL: |  1  2  3  4  5  6  7 |
---------------+----------------------+-----
Stealth        | 1 3 4 5 6 |  6.0
Short Blades   | 1 2 3 4 |  4.1
Fighting       | 2 |  2.5
Dodging        | 3 |  3.3
Unarmed Combat | |  3.8
Spellcasting   | |  2.1
Transmutations | |  2.2

Action                   |  1- 3 |  4- 6 |  7- 9 || total
-------------------------+-------+-------+-------++-------
Melee: Unarmed           |    11 |       |       ||    11
       Constrict         |    13 |    18 |     2 ||    33
       Tentacles         |     4 |    14 |     3 ||    21
       Short sword       |    35 |    99 |    16 ||   150
       Kick              |     1 |       |       ||     1
       Punch             |     1 |     1 |     1 ||     3
 Cast: Beastly Appendage |     2 |       |       ||     2
  Use: Scroll            |       |     2 |       ||     2
 Stab: Sleeping          |     7 |     7 |     2 ||    16
  Eat: Chunk             |     2 |     7 |     1 ||    10
Armor: Skin              |     4 |     3 |       ||     7
Dodge: Dodged            |    29 |    67 |    10 ||   106

Table legend:
 A = Non-vault XP
 B = Vault XP
 C = Vault XP percentage of total XP
 D = Non-vault monster count
 E = Vault monster count
 F = Vault count percentage of total count
                 A         B        C        D         E       F
            +---------+---------+-------+---------+---------+-------
      Total |     889 |       6 |   0.7 |      75 |       3 |   3.8
            +---------+---------+-------+---------+---------+-------
        D:1 |      28 |       0 |   0.0 |      15 |       0 |   0.0
        D:2 |      72 |       0 |   0.0 |      13 |       0 |   0.0
        D:3 |      67 |       6 |   8.2 |      23 |       3 |  11.5
        D:4 |     335 |       0 |   0.0 |      13 |       0 |   0.0
        D:5 |     387 |       0 |   0.0 |      11 |       0 |   0.0
            +---------+---------+-------+---------+---------+-------
